 Dungeon Crawl Stone Soup version 0.13.0-3-g966e3ec (webtiles) character file.

142 HungrySpirit the Chopper (level 4, 0/38 HPs)
             Began as a Hill Orc Gladiator on Oct 13, 2013.
             Slain by a gnoll
             ... wielding a +0,+2 spear
              (8 damage)
             ... on Level 2 of the Dungeon.
             The game lasted 00:03:12 (1647 turns).

HungrySpirit the Chopper (Hill Orc Gladiator)       Turns: 1647, Time: 00:03:13

HP   0/38        AC  5     Str 18      XL: 4   Next: 36%
MP   3/3         EV 13     Int  8      God:
Gold 64          SH  0     Dex 11      Spells:  0 memorised,  3 levels left

Res.Fire  : . . .   See Invis. : .   a - +0 orc hand axe {=f}
Res.Cold  : . . .   Warding    : .   b - +0 orc leather armour
Life Prot.: . . .   Conserve   : .   (no shield)
Res.Poison: +       Res.Corr.  : .   c - +0 orc helmet
Res.Elec. : .       Clarity    : .   o - +0 cloak
Sust.Abil.: . .     Spirit.Shd : .   (no gloves)
Res.Mut.  : .       Stasis     : .   (no boots)
Res.Rott. : .       Flight     : .   (no amulet)
Saprovore : + . .                    p - ring of poison resistance
                                     j - +2 ring of evasion

@: slightly resistant to hostile enchantments, very unstealthy
A: saprovore 1
a: no special abilities


You were on level 2 of the Dungeon.
You were not hungry.

You visited 1 branch of the dungeon, and saw 2 of its levels.

You collected 44 gold pieces.

Inventory:

Hand weapons
 a - a +0,+0 orcish hand axe (weapon) {=f}
Missiles
 d - 3 throwing nets (quivered)
Armour
 b - a +0 orcish leather armour (worn)
 c - a +0 orcish helmet (worn)
 o - a +0 cloak (worn)
Comestibles
 f - a meat ration
 g - 3 bread rations
 s - a pear
 t - a choko
 w - 3 rotting chunks of gnoll flesh
Scrolls
 e - a scroll of fear {unknown}
 m - a scroll of enchant armour {unknown}
 n - 2 scrolls of remove curse {unknown}
 r - a scroll of curse jewellery {unknown}
 v - a scroll of identify {unknown}
Jewellery
 j - a +2 ring of evasion (left hand)
 p - a ring of poison resistance (right hand)
Potions
 h - a potion of confusion {unknown}
 i - 2 potions of curing {unknown}
 k - a potion of restore abilities {unknown}
 l - 2 potions of resistance {unknown}
 u - a potion of brilliance {unknown}


   Skills:
 - Level 2.4 Fighting
 + Level 6.7 Axes
 - Level 2.0 Throwing
 - Level 2.4 Dodging


You had 3 spell levels left.
You didn't know any spells.

Dungeon Overview and Level Annotations

Branches:
Dungeon (2/27)

Altars:


Innate Abilities, Weirdness & Mutations

You can tolerate rotten meat.


Message History

The gnoll hits you from afar with a spear.
You hit the giant newt.
You kill the giant newt!
The gnoll hits you from afar with a spear!
* * * LOW HITPOINT WARNING * * *
Unknown command.
You are too injured to fight recklessly!
Unknown command.
You are too injured to fight recklessly!
Unknown command.
You are too injured to fight recklessly!
The gnoll hits you with a spear.
* * * LOW HITPOINT WARNING * * *
You barely miss the gnoll. The gnoll barely misses you.
You hit the gnoll.
The gnoll is moderately wounded.
You hit the gnoll.
The gnoll is severely wounded.
The gnoll hits you with a spear!
You die...

#.. #..## #### #... ....
.... ... ...# .. #
.l###..# .## #.
##..##..#####.#.#
#..#...##g........#.
#...#.##@.......#
#.##### #..........<..##
##.....
####.###.......###.##...
#.# #...)....#.....#.
#.# #.......#.###..##
#.# #.......#####...#
#.# #######)##....#.#
###.# #...(...#.##%..#
####>..#
#>####.......###


You could see a gnoll.

Vanquished Creatures
  2 gnolls (D:2)
  2 adders (D:2)
  A giant mite (D:1)
  A worm (D:1)
  2 giant geckos (D:1)
  2 oozes
  A bat (D:1)
  2 giant cockroaches
  2 goblins (D:2)
  5 hobgoblins
  3 kobolds
  3 giant newts
  2 rats
28 creatures vanquished.

Notes
Turn   | Place    | Note
--------------------------------------------------------------
     0 | D:1      | HungrySpirit, the Hill Orc Gladiator, began the quest for the Orb.
     0 | D:1      | Reached XP level 1. HP: 18/18 MP: 0/0
   259 | D:1      | Reached XP level 2. HP: 23/25 MP: 1/1
   275 | D:1      | Reached skill level 5 in Axes
   836 | D:1      | Reached XP level 3. HP: 19/30 MP: 2/2
  1141 | D:2      | Reached skill level 6 in Axes
  1372 | D:2      | Reached XP level 4. HP: 25/38 MP: 3/3
  1647 | D:2      | Slain by a gnoll

Action                   |  1- 3 |  4- 6 || total
-------------------------+-------+-------++-------
Melee: Hand axe          |   118 |    14 ||   132
